 Dungeon Crawl Stone Soup version 0.25-a0-353-ged6d547 (webtiles) character file.

Game seed: 37737210149213184, levelgen mode: deterministic

151993 Birdy the Covert (level 17, -6/91 HPs)
             Began as a Vine Stalker Gladiator on Jan 3, 2020.
             Was a High Priest of Wu Jian.
             Mangled by Mara (illusionary)
             ... wielding a +2 demon trident of draining
              (19 damage)
             ... on level 2 of the Depths.
             The game lasted 02:11:57 (25401 turns).

Birdy the Covert (Vine Stalker Gladiator)          Turns: 25401, Time: 02:11:58

Health: -6/91      AC: 13    Str: 18    XL:     17   Next: 57%
Magic:  0/34       EV: 21    Int: 14    God:    Wu Jian [*****.]
Gold:   2606       SH:  0    Dex: 22    Spells: 13/40 levels left

rFire    + . .     SeeInvis +   a - +7 lajatang (slice)
rCold    + . .     Gourm    .   (shield currently unavailable)
rNeg     + . .     Faith    .   Q - +0 steam dragon scales
rPois    +         Spirit   +   N - -2 hat of the Alchemist {rElec rPois rF+ rC+ rN+ MR+ rMut rCorr}
rElec    +         Reflect  .   c - +2 cloak {MR+}
rCorr    +         Harm     .   O - +0 pair of gloves
rMut     +                      e - +1 pair of boots
MR       +++++                  k - amulet of regeneration
Stlth    ++++++....             F - ring of Mive {MR+ Int+6}
HPRegen  1.45/turn              b - ring of wizardry
MPRegen  0.24/turn

@: very slightly contaminated, heavily drained
A: fangs 3, see invisible, mutation resistance 1, regeneration 2, shaggy fur 1,
magic shield, antimagic bite, no potion heal 3, rot immunity
a: Wall Jump, Serpent's Lash, Heavenly Storm, Renounce Religion


You were on level 2 of the Depths.
You worshipped Wu Jian.
Wu Jian was extremely pleased with you.
You were not hungry.

You visited 5 branches of the dungeon, and saw 26 of its levels.
You also visited: Gauntlet.

You collected 2771 gold pieces.
You spent 165 gold pieces at shops.

Inventory:

Hand Weapons
 a - a +7 lajatang of slicing (weapon)
 J - a +0 quarterstaff
Missiles
 d - 8 throwing nets
 l - 5 silver boomerangs (quivered)
Armour
 c - a +2 cloak of magic resistance (worn)
 e - a +1 pair of boots (worn)
 N - the -2 hat of the Alchemist (worn) {rElec rPois rF+ rC+ rN+ MR+ rMut rCorr}
   (You found it on level 4 of the Lair of Beasts)

   It protects you from fire.
   It protects you from cold.
   It insulates you from electricity.
   It protects you from poison.
   It protects you from negative energy.
   It affects your resistance to hostile enchantments.
   It provides partial protection from all sources of acid and corrosion.
   It protects you from mutation.
 O - a +0 pair of gloves (worn)
 Q - +0 steam dragon scales (worn)
Jewellery
 b - a ring of wizardry (right hand)
 j - a +4 ring of dexterity
 k - an amulet of regeneration (around neck)
 q - an uncursed ring of wizardry
 u - a +5 ring of protection
 v - an uncursed ring of resist corrosion
 x - an uncursed ring of protection from magic
 y - an uncursed ring of magical power
 D - the ring of Kasaf {Ice MR+ SInv}
   (You found it on level 2 of the Depths)

   [ring of ice]

   It enhances your ice magic.
   It makes you vulnerable to fire.
   It protects you from cold.
   It affects your resistance to hostile enchantments.
   It lets you see invisible.
 F - the ring of Mive (left hand) {MR+ Int+6}
   (You found it on level 13 of the Dungeon)

   [ring of protection from magic]

   It affects your intelligence (+6).
   It affects your resistance to hostile enchantments.
 H - an uncursed ring of protection from cold
Wands
 i - a wand of enslavement (12)
 p - a wand of flame (80)
 C - a wand of iceblast (11)
 L - a wand of polymorph (27)
 W - a wand of paralysis (16)
Scrolls
 g - 8 scrolls of enchant armour
 h - 7 scrolls of remove curse
 o - 3 scrolls of magic mapping
 r - a scroll of fear
 t - 16 scrolls of teleportation
 G - 2 scrolls of fog
 P - 3 scrolls of amnesia
 R - a scroll of blinking
 S - 6 scrolls of identify
Potions
 n - 14 potions of curing
 s - 3 potions of haste
 w - 2 potions of agility
 z - 4 potions of cancellation
 A - a potion of magic
 B - 4 potions of invisibility
 E - a potion of mutation
 I - 2 potions of lignification
 K - a potion of might
 M - a potion of flight
Miscellaneous
 T - a crystal ball of energy
 V - 2 phantom mirrors
Comestibles
 f - 45 rations


   Skills:
 + Level 11.5(9.9) Fighting
   Level 2.3(1.6) Short Blades
   Level 2.3(1.6) Long Blades
 + Level 13.3(11.7) Staves
 - Level 2.1(0.9) Throwing
 - Level 10.2(8.7) Armour
 + Level 10.9(9.4) Dodging
 + Level 14.1(12.5) Stealth
 + Level 12.1(10.6) Spellcasting
 + Level 7.3(5.9) Summonings


You had 13 spell levels left.
You knew the following spells:

 Your Spells              Type           Power        Failure   Level  Hunger
a - Summon Small Mammal   Summ           ###.         1%          1    None
b - Call Canine Familiar  Summ           ###.....     1%          3    #......
c - Summon Guardian Gole  Hex/Summ       ###.....     3%          3    #......
d - Summon Ice Beast      Ice/Summ       ###.....     12%         4    ###....
e - Summon Mana Viper     Hex/Summ       ###.....     32%         5    #####..
f - Recall                Summ/Tloc      N/A          3%          3    #......
g - Swiftness             Chrm/Air       #.......     6%          2    None
h - Shadow Creatures      Summ           N/A          45%         6    ######.

Your spell library contained the following spells:

 Spells                   Type           Power        Failure   Level  Hunger
 Call Imp                 Summ           ###.....     1%          2    None
 Animate Skeleton         Necr           N/A          4%          1    None
 Foxfire                  Conj/Fire      #...         4%          1    None
 Magic Dart               Conj           #...         4%          1    None
 Pain                     Necr           #...         4%          1    None
 Sandblast                Erth           #.....       4%          1    None
 Shock                    Conj/Air       #...         4%          1    None
 Blink                    Tloc           N/A          6%          2    None
 Passwall                 Tmut/Erth      #.......     6%          2    None
 Slow                     Hex            #.......     6%          2    None
 Aura of Abjuration       Summ           ###.......   10%         5    #####..
 Summon Demon             Summ           ###.......   10%         5    #####..
 Conjure Flame            Conj/Fire      #.......     12%         3    #......
 Inner Flame              Hex/Fire       #.......     12%         3    #......
 Mephitic Cloud           Conj/Pois/Air  #.......     12%         3    #......
 Regeneration             Chrm/Necr      #.........   12%         3    #......
 Static Discharge         Conj/Air       #.......     12%         3    #......
 Stone Arrow              Conj/Erth      #.....       12%         3    #......
 Vampiric Draining        Necr           #.........   12%         3    #......
 Summon Lightning Spire   Summ/Air       ###.....     12%         4    ###....
 Summon Forest            Summ/Tloc      ###.......   32%         5    #####..
 Airstrike                Air            #.........   36%         4    ###....
 Animate Dead             Necr           N/A          36%         4    ###....
 Ice Form                 Ice/Tmut       #.......     36%         4    ###....
 Passage of Golubria      Tloc           N/A          36%         4    ###....
 Petrify                  Tmut/Erth      #.......     36%         4    ###....
 Sticky Flame             Conj/Fire      #.......     36%         4    ###....
 Bolt of Magma            Conj/Fire/Erth #.........   69%         5    #####..
 Excruciating Wounds      Chrm/Necr      #.........   69%         5    #####..
 Fireball                 Conj/Fire      #.........   69%         5    #####..
 Iskenderun's Battlesphe  Conj/Chrm      #.......     69%         5    #####..
 Lee's Rapid Deconstruct  Erth           #.........   69%         5    #####..
 Lightning Bolt           Conj/Air       #.........   69%         5    #####..
 Metabolic Englaciation   Hex/Ice        #.........   69%         5    #####..
 Death Channel            Necr           #.........   99%         6    ######.
 Freezing Cloud           Conj/Ice/Air   #.........   99%         6    ######.
 Iron Shot                Conj/Erth      #.........   99%         6    ######.
 Ozocubu's Refrigeration  Ice            #.........   99%         6    ######.
 Simulacrum               Ice/Necr       #.........   99%         6    ######.
 Orb of Destruction       Conj           #.........   100%        7    #######
 Spellforged Servitor     Conj/Summ      ###.......   100%        7    #######


Dungeon Overview and Level Annotations

Branches:
Dungeon (15/15)            Temple (1/1) D:6            Lair (6/6) D:11
 Shoals (0/4) Lair:3        Snake (0/4) Lair:2        Slime (0/5) Lair:5
    Orc (2/2) D:10            Elf (0/3) Orc:2        Vaults (0/5) D:14
 Depths (2/5) D:15        Gauntlet (visited)

Altars:
Ashenzari
Cheibriados
Dithmenos
Elyvilon
Fedhas
Hepliaklqana
Kikubaaqudgha
Makhleb
Nemelex Xobeh
Okawaru
Ru
Sif Muna
Trog
Uskayaw
Vehumet
Wu Jian
Xom
Zin
Beogh

Shops:
D:6 (   D:7 (   Orc:1 [   Orc:2 (*[[

Portals:
Hell: Depths:1

Annotations:
D:12 1 runed translucent door, probablyafish's ghost, novice DgWr
Lair:3 exclusion: oklob plant
Depths:1 3 runed translucent doors, Glennadil's ghost, journeyman DDHu
Depths:2 Mara


Innate Abilities, Weirdness & Mutations

You have razor-sharp teeth.
You heal very quickly.
When hurt, damage is shared between your health and your magic reserves.
Your bite disrupts and absorbs the magic of your enemies.
Potions cannot restore your health.
You are immune to rotting.
You have supernaturally acute eyesight. (SInv)
You are somewhat resistant to further mutation.
You are covered in fur. (AC +1)


Message History

Mara weaves an illusion.
Mara shimmers.
Mara shimmers and seems to become two!
Mara blinks!
Unknown command.
You hit Mara. Your bite misses Mara.
Mara is heavily wounded.
Mara hits you with a +2 demon trident of draining!
You partially resist.
You feel drained.
Mara boasts, "I am lord over the four continents and the two thousand adjacent isles."
Mara hits you with a +2 demon trident of draining!!
* * * LOW HITPOINT WARNING * * *
You partially resist.
You feel drained.
* * * LOW HITPOINT WARNING * * *
Mara barely misses you.
Blink to where?
Press: ? - help, Dir - move target cursor You are very lightly contaminated with residual magic.
As you read the scroll of blinking, it crumbles to dust.
Mara hits you from afar with a +2 demon trident of draining!!
You die...

#.'#.#.#.#.#'.#.#.#.
#.#.#.#.#.#.##.#.#.#
#.#.#.#.#.#.###.#.#.
#.##.#.#.#.##..#.#.#
##.##.#.#.#.##|.##.##
#..#####+#########'##
##..#####.## .#.
##...#...#..+ #. .#
#....#@..'R.##.# #.
.# ##...#...#.R'..#
.# #.
###.'..R#####.'# . .
#.#...# #... .
#.#...+ ## #.#...#
#.##### #.# #..


You could see 3 Maras.

Vanquished Creatures
  2 golden dragons (Depths:2)
  Rupert (D:15)
  Kirke (Lair:6)
  A tengu reaver (Depths:2)
  5 frost giants
  An orc warlord (Orc:2)
  5 stone giants
  A minotaur (Gauntlet)
  3 spark wasps (Depths:2)
  2 fire dragons
  4 ettins
  The ghost of Wubbuut the Earth Mage, a journeyman GrEE (D:13)
  6 hydras
  A vault guard (D:14)
  2 rakshasas
  2 ice dragons (Depths:1)
  Harold (D:10)
  A spriggan air mage (Depths:2)
  6 centaur warriors
  4 catoblepae
  An alligator (shapeshifter) (Depths:2)
  2 ogre magi
  4 deep troll shamans
  3 tengu warriors
  A queen ant (D:10)
  6 two-headed ogres
  A vampire mage (Depths:2)
  4 orc high priests (Orc:2)
  Nergalle (D:10)
  3 death yaks (Lair:6)
  A spriggan berserker (Depths:2)
  7 unseen horrors
  5 hell knights (Depths:1)
  An unseen horror (shapeshifter) (D:15)
  4 deep trolls (Depths:1)
  8 orc knights
  A wolf spider zombie (D:14)
  A harpy (shapeshifter) (Depths:1)
  3 necromancers (Depths:1)
  2 deep elf magi
  8 orc sorcerers
  3 cyclopes
  A manticore (D:11)
  12 ugly things
  An oklob plant (Lair:5)
  8 elephants (Lair:6)
  2 moths of wrath (D:13)
  7 black mambas
  2 gargoyles
  10 spiny frogs
  2 rime drakes
  7 komodo dragons
  A kobold demonologist (D:14)
  An efreet (D:14)
  2 freezing wraiths
  10 yaktaurs
  2 tengu conjurers
  11 trolls
  4 polar bears
  2 hornets (Gauntlet)
  15 slime creatures
  A meliai (shapeshifter) (Gauntlet)
  12 dream sheep
  11 blink frogs
  A meliai zombie (D:14)
  9 hippogriffs
  A hippogriff (shapeshifter) (Depths:2)
  A vampire (D:14)
  A water elemental (Depths:1)
  4 wyverns
  2 wraiths
  A ynoxinul (Gauntlet)
  8 hogs
  A yak (shapeshifter) (Depths:1)
  32 yaks
  3 hungry ghosts
  3 basilisks (D:13)
  7 vampire mosquitoes
  A steam dragon (D:13)
  A human (D:7)
  9 wargs
  12 soldier ants
  An acid dragon (D:10)
  Duvessa (D:7)
  A floating eye (Depths:2)
  11 water moccasins
  5 porcupines
  5 black bears
  A sky beast (D:9)
  5 ice beasts
  24 ogres
  57 orc warriors
  2 necrophages
  3 phantoms (D:10)
  12 wolves
  9 centaurs
  7 boggarts
  12 crocodiles
  3 big kobolds
  23 bullfrogs
  Dowan (D:7)
  A wyvern skeleton (D:12)
  A wyvern zombie (D:9)
  3 scorpions
  17 killer bees
  8 wights
  3 howler monkeys (D:8)
  7 crimson imps
  2 centaur zombies
  2 jellies
  A wyvern simulacrum (D:14)
  4 hounds
  A gnoll shaman (Orc:1)
  38 orc priests
  28 orc wizards
  4 iron imps
  2 bullfrog skeletons
  2 iguanas
  A hell rat (D:7)
  41 worker ants
  A killer bee zombie (D:10)
  8 ogre zombies (D:10)
  2 hound skeletons
  A howler monkey zombie (D:6)
  16 gnolls
  A howler monkey skeleton (D:8)
  11 adders
  6 river rats (D:7)
  2 shadow imps
  12 white imps (Lair:6)
  2 oozes
  An adder skeleton (D:5)
  2 adder zombies (D:8)
  5 worms
  3 dart slugs
  2 leopard geckos
  121 orcs
  5 giant cockroaches
  8 goblins
  3 hobgoblins
  A jackal (D:5)
  17 kobolds
  2 quokkas
  3 bats
  7 frilled lizards
  A giant cockroach zombie (D:5)
  4 goblin skeletons (D:10)
  5 goblin zombies (D:10)
  2 hobgoblin skeletons (D:10)
  A hobgoblin zombie (D:10)
  4 orc skeletons (D:10)
  9 orc zombies (D:10)
  A quokka skeleton (D:4)
  19 rats
  A butterfly (Lair:1)
  A fungus (Lair:4)
  A plant (Lair:5)
981 creatures vanquished.

Vanquished Creatures (collateral kills)
  A hydra (Lair:5)
  A two-headed ogre (Depths:1)
  3 death yaks (Lair:6)
  4 elephants (Lair:6)
  A komodo dragon (Lair:6)
  A blink frog (Lair:5)
  2 yaks (Lair:6)
  An ogre (Orc:1)
  A crocodile (Lair:1)
  A bullfrog (Lair:1)
16 creatures vanquished.

Vanquished Creatures (others)
  An orc wizard (D:4)
  An orc (Orc:2)
  4 fungi
  12 plants
18 creatures vanquished.

Grand Total: 1015 creatures vanquished

Notes
Turn   | Place    | Note
-------+----------+-------------------------------------------
     0 | D:1      | Birdy the Vine Stalker Gladiator began the quest for the
                  | Orb.
     0 | D:1      | Reached XP level 1. HP: 11/11 MP: 2/2
    57 | D:1      | Reached XP level 2. HP: 12/15 MP: 3/3
   845 | D:2      | Reached XP level 3. HP: 18/18 MP: 4/4
   893 | D:2      | Found a shadowy altar of Dithmenos.
  1336 | D:2      | Found a shattered altar of Ashenzari.
  1515 | D:3      | Gained mutation: Your natural rate of healing is unusually
                  | fast. [Vine Stalker growth]
  1515 | D:3      | Reached XP level 4. HP: 16/23 MP: 3/5
  2019 | D:3      | Reached skill level 1 in Armour
  2127 | D:3      | Reached skill level 1 in Stealth
  2371 | D:3      | Reached XP level 5. HP: 26/26 MP: 6/6
  2522 | D:4      | Reached skill level 1 in Spellcasting
  2739 | D:4      | Noticed an ogre
  2743 | D:4      | Killed an ogre
  2743 | D:4      | Reached skill level 2 in Stealth
  2743 | D:4      | Reached XP level 6. HP: 15/32 MP: 5/9
  3313 | D:4      | Reached XP level 7. HP: 29/35 MP: 9/11
  3314 | D:4      | Reached skill level 3 in Stealth
  3369 | D:5      | Entered Level 5 of the Dungeon
  3880 | D:5      | Gained mutation: You occasionally shout uncontrollably at
                  | your foes. [potion of mutation]
  3880 | D:5      | Gained mutation: You have large cloven feet. [potion of
                  | mutation]
  3880 | D:5      | Gained mutation: You are robust. (+10% HP) [potion of
                  | mutation]
  4175 | D:5      | Gained mutation: You have razor-sharp teeth. [Vine Stalker
                  | growth]
  4175 | D:5      | Reached XP level 8. HP: 44/44 MP: 13/13
  4241 | D:6      | Reached skill level 1 in Short Blades
  4255 | D:6      | Reached skill level 4 in Stealth
  4453 | D:6      | Found a staircase to the Ecumenical Temple.
  4485 | Temple   | Entered the Ecumenical Temple
  4694 | Temple   | Became a worshipper of the Wu Jian Council
  4869 | D:6      | Found a sparkling altar of Nemelex Xobeh.
  5114 | D:6      | Found Gauhoagu's Antique Weapon Shoppe.
  5591 | D:7      | Found Niny's Weapon Boutique.
  5601 | D:7      | Reached skill level 5 in Staves
  5604 | D:7      | Reached skill level 5 in Stealth
  5617 | D:7      | Reached XP level 9. HP: 18/49 MP: 12/15
  5639 | D:7      | Bought a +0 lajatang for 165 gold pieces
  5761 | D:7      | Found a blossoming altar of Fedhas.
  5951 | D:7      | Noticed Dowan
  5953 | D:7      | Noticed Duvessa
  5962 | D:7      | Killed Duvessa
  5965 | D:7      | Killed Dowan
  6088 | D:7      | Found an ornate altar of the Wu Jian Council.
  6159 | D:7      | Reached skill level 6 in Stealth
  6344 | D:7      | Reached * piety under Wu Jian
  6393 | D:7      | Found the +2 ratskin cloak {+Rats rPois rN+ Str-1 Int-1
                  | Dex+1}
  6490 | D:7      | Reached skill level 5 in Dodging
  6502 | D:7      | Reached skill level 5 in Fighting
  6673 | D:8      | Reached XP level 10. HP: 56/56 MP: 18/18
  6698 | D:8      | Reached skill level 5 in Spellcasting
  6883 | D:8      | Reached skill level 7 in Stealth
  6907 | D:8      | Reached ** piety under Wu Jian
  7020 | D:8      | Found an iron altar of Okawaru.
  7738 | D:9      | Lost mutation: You have large cloven feet. [potion of
                  | mutation]
  7738 | D:9      | Lost mutation: You are robust. (+10% HP) [potion of
                  | mutation]
  7738 | D:9      | Lost mutation: You occasionally shout uncontrollably at
                  | your foes. [potion of mutation]
  7738 | D:9      | Gained mutation: You are clumsy. (Dex -2) [potion of
                  | mutation]
  7738 | D:9      | Gained mutation: You are weak. (Str -2) [potion of
                  | mutation]
  7738 | D:9      | Gained mutation: You are robust. (+10% HP) [potion of
                  | mutation]
  7739 | D:9      | Lost mutation: You are clumsy. (Dex -2) [potion of
                  | mutation]
  7739 | D:9      | Lost mutation: You are weak. (Str -2) [potion of mutation]
  7739 | D:9      | Lost mutation: You are robust. (+10% HP) [potion of
                  | mutation]
  7739 | D:9      | Gained mutation: You are frail. (-10% HP) [potion of
                  | mutation]
  7739 | D:9      | Gained mutation: Armour fits poorly on your strangely
                  | shaped body. [potion of mutation]
  7739 | D:9      | Gained mutation: Your mind is acute. (Int +2) [potion of
                  | mutation]
  7760 | D:9      | Found a sparkling altar of Nemelex Xobeh.
  7953 | D:9      | Found a radiant altar of Vehumet.
  7953 | D:9      | Found a glowing silver altar of Zin.
  8231 | D:9      | Found a shimmering altar of Xom.
  8305 | D:9      | Identified a scroll of acquirement
  8316 | D:10     | Entered Level 10 of the Dungeon
  8324 | D:10     | Reached *** piety under Wu Jian
  8355 | D:10     | Reached skill level 5 in Armour
  8368 | D:9      | Got a slimy shield
  8437 | D:10     | Reached skill level 8 in Stealth
  8473 | D:10     | Noticed a queen ant
  8495 | D:10     | Killed a queen ant
  8495 | D:10     | Reached XP level 11. HP: 33/50 MP: 20/21
  8626 | D:10     | Reached **** piety under Wu Jian
  8746 | D:10     | Noticed an orc knight
  8777 | D:10     | Killed an orc knight
  8777 | D:10     | Reached skill level 9 in Stealth
  8841 | D:10     | Lost mutation: You are frail. (-10% HP) [potion of
                  | mutation]
  8841 | D:10     | Lost mutation: Your mind is acute. (Int +2) [potion of
                  | mutation]
  8841 | D:10     | Lost mutation: Armour fits poorly on your strangely shaped
                  | body. [potion of mutation]
  8841 | D:10     | Gained mutation: You are covered in fur. (AC +1) [potion of
                  | mutation]
  8841 | D:10     | Gained mutation: You are somewhat resistant to further
                  | mutation. [potion of mutation]
  8841 | D:10     | Gained mutation: You have supernaturally acute eyesight.
                  | (SInv) [potion of mutation]
  8890 | D:10     | Got an iridescent falchion
  8891 | D:10     | Identified the cursed +2 falchion of Quick Death {speed,
                  | Str+6} (You found it on level 10 of the Dungeon)
  8969 | D:10     | Reached skill level 1 in Long Blades
  8989 | D:10     | Reached ***** piety under Wu Jian
  9016 | D:10     | Found a staircase to the Orcish Mines.
  9066 | D:10     | Noticed Harold
  9079 | D:10     | Noticed an unseen horror
  9111 | D:10     | Killed an unseen horror
  9145 | D:10     | Killed Harold
  9617 | D:10     | Noticed Nergalle
  9684 | D:10     | Killed Nergalle
 10026 | D:11     | Gained mutation: You heal very quickly. [Vine Stalker
                  | growth]
 10026 | D:11     | Reached XP level 12. HP: 62/63 MP: 23/23
 10059 | D:11     | Found a staircase to the Lair.
 10196 | D:11     | Reached skill level 10 in Stealth
 10548 | Lair:1   | Entered Level 1 of the Lair of Beasts
 11847 | Lair:2   | Found a staircase to the Snake Pit.
 12592 | Lair:3   | Reached ****** piety under Wu Jian
 12592 | Lair:3   | Reached XP level 13. HP: 68/68 MP: 26/26
 12601 | Lair:3   | Reached skill level 11 in Stealth
 12663 | Lair:3   | Found a staircase to the Shoals.
 13275 | Lair:4   | Found the -2 hat of the Alchemist {rElec rPois rF+ rC+ rN+
                  | MR+ rMut rCorr}
 13550 | Lair:4   | Found a gate leading to a gauntlet.
 13560 | Gauntlet | Entered a Gauntlet
 13560 | Gauntlet | Found a transporter.
 13560 | Gauntlet | Found a transporter.
 13560 | Gauntlet | Found a transporter.
 13564 | Gauntlet | Found a transporter.
 13575 | Gauntlet | Found a transporter.
 13583 | Gauntlet | Found a transporter.
 13589 | Gauntlet | Found a transporter.
 13595 | Gauntlet | Found a transporter.
 13613 | Gauntlet | Found a transporter.
 13634 | Gauntlet | Found a transporter.
 13659 | Gauntlet | Found a transporter.
 13734 | Gauntlet | Found a transporter.
 13932 | Gauntlet | Got a pair of transparent boots
 13944 | Gauntlet | Identified the +1 pair of boots of Maosoiq {*Slow rN+
                  | Int+2} (You found it in a Gauntlet)
 14076 | Gauntlet | Noticed a minotaur
 14082 | Gauntlet | Killed a minotaur
 14092 | Gauntlet | Identified the Tome of Evil and Creation
 14092 | Gauntlet | Identified the Tome of Displacement and the Arsonist
 14706 | Lair:5   | Found a staircase to the Slime Pits.
 14877 | Lair:5   | Reached skill level 10 in Staves
 15611 | Lair:6   | Entered Level 6 of the Lair of Beasts
 15684 | Lair:6   | Reached XP level 14. HP: 51/74 MP: 28/28
 15686 | Lair:6   | Reached skill level 12 in Stealth
 15934 | Lair:6   | Noticed Kirke
 15953 | Lair:6   | Killed Kirke
 16797 | Lair:6   | Got a slimy scale mail
 16824 | Lair:6   | Identified the +4 scale mail "Obrybur" {rPois MR+} (You
                  | found it on level 6 of the Lair of Beasts)
 16835 | Lair:6   | Learned a level 1 spell: Summon Small Mammal
 16839 | Lair:6   | Learned a level 3 spell: Call Canine Familiar
 16843 | Lair:6   | Learned a level 3 spell: Recall
 16847 | Lair:6   | Learned a level 3 spell: Summon Guardian Golem
 16852 | Lair:6   | Learned a level 4 spell: Summon Ice Beast
 16858 | Lair:6   | Learned a level 5 spell: Summon Mana Viper
 16861 | Lair:6   | Learned a level 2 spell: Swiftness
 17277 | Orc:1    | Entered Level 1 of the Orcish Mines
 17361 | Orc:1    | Reached skill level 10 in Spellcasting
 17361 | Orc:1    | Reached skill level 1 in Summonings
 17429 | Orc:1    | Found Umaepp's Armour Shop.
 17488 | Orc:1    | Found a shimmering altar of Xom.
 17615 | Orc:2    | Entered Level 2 of the Orcish Mines
 18022 | Orc:2    | Reached XP level 15. HP: 63/80 MP: 28/30
 18050 | Orc:2    | Reached skill level 13 in Stealth
 18111 | Orc:2    | Found a roughly hewn altar of Beogh.
 18398 | Orc:2    | Found a staircase to the Elven Halls.
 18693 | Orc:2    | Found Restroass's Armour Boutique.
 18703 | Orc:2    | Found Kian's Antique Armour Shop.
 18920 | Orc:2    | Noticed an orc warlord
 18922 | Orc:2    | Found a roughly hewn altar of Beogh.
 18932 | Orc:2    | Killed an orc warlord
 18953 | Orc:2    | Found Voakeusaga's Assorted Antiques.
 19167 | Orc:2    | Found Iphe's Antique Weapon Shop.
 19431 | Orc:2    | Got a bloodstained leather armour
 19442 | Orc:2    | Identified the cursed +0 leather armour "Puxila" {rC-
                  | Dex+8} (You found it on level 2 of the Orcish Mines)
 20151 | D:12     | Reached skill level 10 in Fighting
 20550 | D:12     | Found a runed translucent door.
 20550 | D:12     | Found a shimmering altar of Xom.
 20550 | D:12     | Noticed probablyafish's ghost (novice DgWr)
 20847 | D:12     | Learned a level 6 spell: Shadow Creatures
 21315 | D:13     | Found a transporter.
 21319 | D:13     | Noticed Wubbuut's ghost (journeyman GrEE)
 21334 | D:13     | Killed Wubbuut's ghost
 21335 | D:13     | Found a transporter.
 21364 | D:13     | Got a heavily runed pewter ring
 21377 | D:13     | Identified the ring of Mive {MR+ Int+6} (You found it on
                  | level 13 of the Dungeon)
 22084 | D:14     | Reached XP level 16. HP: 85/85 MP: 31/31
 22345 | D:14     | Found a gate to the Vaults.
 22504 | D:15     | Entered Level 15 of the Dungeon
 22769 | D:15     | Found an ornate altar of the Wu Jian Council.
 22839 | D:15     | Noticed Rupert
 22866 | D:15     | Reached skill level 10 in Dodging
 22901 | D:15     | Reached skill level 5 in Summonings
 23289 | D:15     | Killed Rupert
 23320 | D:15     | Found a staircase to the Depths.
 23525 | Depths:1 | Entered Level 1 of the Depths
 23770 | Depths:1 | Found a runed translucent gate.
 23778 | Depths:1 | Found a runed translucent gate.
 23778 | Depths:1 | Found a runed translucent gate.
 23778 | Depths:1 | Noticed a lich
 23778 | Depths:1 | Noticed Glennadil's ghost (journeyman DDHu)
 23778 | Depths:1 | Noticed a sphinx
 23950 | Depths:1 | Reached skill level 10 in Armour
 24164 | Depths:1 | You fall into a shaft and drop 1 floor!
 24411 | Depths:1 | Reached XP level 17. HP: 54/91 MP: 28/33
 24535 | Depths:1 | Found a gateway to Hell.
 25187 | Depths:2 | Noticed a golden dragon
 25200 | Depths:2 | Killed a golden dragon
 25201 | Depths:2 | Reached skill level 14 in Stealth
 25216 | Depths:2 | Noticed a golden dragon
 25225 | Depths:2 | Killed a golden dragon
 25294 | Depths:2 | Got a coiled silver ring
 25296 | Depths:2 | Identified the ring of Kasaf {Ice MR+ SInv} (You found it
                  | on level 2 of the Depths)
 25391 | Depths:2 | Noticed Mara
 25401 | Depths:2 | Mangled by Mara (illusionary)

Levels and vault maps discovered:
D:1:      wander_arrival_peaceful_grave, layout_rooms, kennysheep_small_spiral
D:2:      layout_loops_ring, ashenzari_conservatory_becter,
          grunt_dithmenos_smoke_and_mirrors
D:3:      layout_basic
D:4:      layout_gridville, first_ration
D:5:      minmay_chambers_of_fours, layout_basic
D:6:      layout_layer_cave, minmay_temple_entry_purple_smoke, basic_altar,
          serial_shops, nicolae_shop_crystal
D:7:      wander_guarded_unrand_ratskin, layout_loops_ring,
          nicolae_overflow_crystal_walls, serial_shops, nicolae_shop_trees,
          basic_altar, grunt_livestock, kennysheep_generic_room_9, uniq_duvessa
D:8:      layout_basic, kennysheep_little_box, st_stairs_3,
          lightli_corner_chamber
D:9:      layout_long_grid, amethyst_overflow_temple_binary, tgw_xom,
          nemelex_xobeh_ov_fountains_minmay
D:10:     minmay_curly_fans, layout_basic, zombieorc2_lemuel, library_closet,
          zaba_anthell, uniq_nergalle, uniq_harold
D:11:     layout_roguey, erik_lair_orcish_takeover
D:12:     layout_long_grid, ebering_ghost_xom, corexii_checkpoint_a,
          corexii_checkpoint_a, corexii_leaking_fountain, kennysheep_nub,
          chequers_serial_rivers_small_a, minmay_diamond_spiral
D:13:     layout_basic, gammafunk_ghost_berserking_beasts,
          minmay_fractal_squares_diagonal_5
D:14:     layout_long_grid, david_vaults_5, hangedman_decor_opposing,
          chequers_arboretum
D:15:     grunt_enter_depths_snipers, layout_loops_corners,
          lemuel_crystal_altar, uniq_rupert
Temple:   minmay_temple_curvy_branch
Lair:1:   layout_cave_pods, chequers_serial_rivers_micro_b, beast_lair_carwin_1,
          lemuel_fruit_tree, lemuel_fruit_fields, infiniplex_staircase_pool
Lair:2:   beast_lair_carwin_large_2, layout_hall_layers, dummy_snake_entry
Lair:3:   layout_loops_ring, elwin_shoals_entry_rocks
Lair:4:   layout_roguey, gauntlet_entry_generic
Lair:5:   dpeg_oklob_gauntlet, layout_layer_cave, slime_dummy,
          serial_bayou_pond_c, grunt_megastairs_2
Lair:6:   grunt_lair_end_beastmaster, layout_regular_city,
          portal_ice_cave_entry_imps, uniq_kirke
Orc:1:    layout_caves, serial_shops, nicolae_shop_waterfront, basic_altar,
          guppyfry_library_mini
Orc:2:    pubby_orc_utopia
Depths:1: layout_gridlike, grunt_hell_entry_dis_grunt, gammafunk_ghost_split,
          hangedman_abyss_or_decor_clamps, hangedman_decor_growths,
          kennysheep_generic_room_11
Depths:2: minmay_the_grid_3x3 [minmay_the_grid_plusring, minmay_the_grid_slots,
          minmay_the_grid_mess, minmay_the_grid_square_x,
          minmay_the_grid_spikes, minmay_the_grid_tree,
          minmay_the_grid_stretched_grid, minmay_the_grid_holed_spiral,
          minmay_the_grid_prize_four_corners_diamond_b], layout_cave_pools,
          minmay_misc_feat_doors, hell_entry, serial_bayou_shore_a,
          minmay_staircase_statues, uniq_asterion, uniq_mara

Skill      XL: |  1  2  3  4  5  6  7  8  9 10 11 12 13 14 15 16 17 |
---------------+----------------------------------------------------+-----
Staves         | 3 4 5 6 7 8 10 11 12 13 | 13.3
Throwing       | 2 |  2.1
Fighting       | 2 3 4 5 6 7 8 9 10 11 | 11.5
Dodging        | 3 4 5 6 7 8 9 10 | 10.9
Armour         | 1 2 3 4 5 6 7 8 9 10 | 10.2
Stealth        | 1 2 3 5 6 8 9 10 11 12 13 14 | 14.1
Spellcasting   | 1 2 3 4 6 7 8 9 10 11 12 | 12.1
Short Blades   | 2 |  2.3
Long Blades    | 2 |  2.3
Summonings     | 1 4 6 7 |  7.3

Action                   |  1- 3 |  4- 6 |  7- 9 | 10-12 | 13-15 | 16-18 || total
-------------------------+-------+-------+-------+-------+-------+-------++-------
Melee: Quarterstaff      |    68 |    87 |    28 |       |    22 |       ||   205
       Bite              |    20 |    27 |   110 |   478 |   510 |   204 ||  1349
       Dagger            |       |       |   135 |       |       |       ||   135
       Lajatang          |       |       |   129 |   657 |  1275 |   491 ||  2552
       Falchion          |       |       |       |   320 |       |       ||   320
       Arbalest          |       |       |       |       |    15 |       ||    15
Throw: Boomerang         |       |     1 |     2 |       |       |       ||     3
 Cast: Summon Small Mamm |       |       |       |       |    24 |    23 ||    47
       Call Canine Famil |       |       |       |       |    20 |     6 ||    26
       Summon Guardian G |       |       |       |       |    16 |     6 ||    22
Invok: Lunge             |       |       |     7 |   137 |   224 |    73 ||   441
       Whirlwind         |       |       |     1 |   263 |   546 |   169 ||   979
       Serpent's Lash    |       |       |       |       |     2 |     5 ||     7
       Heavenly Storm    |       |       |       |       |     1 |     4 ||     5
 Abil: Wall Jump         |       |       |       |     3 |     4 |     5 ||    12
       Evoke Ratskin     |       |       |       |     2 |       |       ||     2
Evoke: Phantom mirror    |       |       |       |     1 |       |       ||     1
       Wand              |       |       |       |     1 |    12 |     2 ||    15
  Use: Scroll            |     6 |     5 |     7 |    18 |    13 |     8 ||    57
       Potion            |       |     3 |     4 |     3 |       |     9 ||    19
 Stab: Sleeping          |     2 |     1 |     9 |    35 |    33 |    10 ||    90
       Distracted        |     1 |       |     3 |     6 |    12 |     1 ||    23
       Invisible         |       |     4 |     1 |       |       |       ||     5
       Petrified         |       |       |       |       |    16 |       ||    16
       Petrifying        |       |       |       |       |     1 |       ||     1
  Eat: Chunk             |     1 |     5 |     9 |    19 |    24 |     9 ||    67
       Ration            |       |       |     1 |     2 |     3 |     1 ||     7
Armor: Leather armour    |    10 |    13 |    45 |   217 |   116 |       ||   401
       Scale mail        |       |       |       |       |    53 |       ||    53
       Troll leather arm |       |       |       |       |    27 |       ||    27
       Steam dragon scal |       |       |       |       |     5 |    71 ||    76
Dodge: Dodged            |    44 |    54 |   205 |   663 |   942 |   329 ||  2237
       Rpst.: Falchion   |       |       |       |    47 |       |       ||    47

Table legend:
 A = Non-vault XP
 B = Vault XP
 C = Vault XP percentage of total XP
 D = Non-vault monster count
 E = Vault monster count
 F = Vault count percentage of total count
                 A         B        C        D         E       F
            +---------+---------+-------+---------+---------+-------
      Total |  123524 |   93609 |  43.1 |     589 |     405 |  40.7
            +---------+---------+-------+---------+---------+-------
        D:1 |      33 |       0 |   0.0 |      16 |       0 |   0.0
        D:2 |      47 |       0 |   0.0 |      12 |       0 |   0.0
        D:3 |     130 |       0 |   0.0 |      21 |       0 |   0.0
        D:4 |     446 |       0 |   0.0 |      15 |       0 |   0.0
        D:5 |     427 |     116 |  21.4 |      22 |       5 |  18.5
        D:6 |     707 |       0 |   0.0 |      16 |       0 |   0.0
        D:7 |    1338 |    1329 |  49.8 |      23 |      28 |  54.9
        D:8 |    1375 |     148 |   9.7 |      30 |       2 |   6.2
        D:9 |     970 |      15 |   1.5 |      13 |       5 |  27.8
       D:10 |    4670 |    7645 |  62.1 |      61 |      87 |  58.8
       D:11 |    4002 |     582 |  12.7 |      23 |       8 |  25.8
       D:12 |    6205 |    2198 |  26.2 |      34 |       6 |  15.0
       D:13 |    1756 |    4895 |  73.6 |       6 |      13 |  68.4
       D:14 |    7570 |    4449 |  37.0 |      22 |       9 |  29.0
       D:15 |    9076 |    6116 |  40.3 |      20 |       4 |  16.7
     Lair:1 |     928 |    1151 |  55.4 |       6 |       8 |  57.1
     Lair:2 |    5132 |    1288 |  20.1 |      25 |       6 |  19.4
     Lair:3 |    4105 |       0 |   0.0 |      18 |       0 |   0.0
     Lair:4 |    5033 |       0 |   0.0 |      20 |       0 |   0.0
     Lair:5 |    4541 |    1270 |  21.9 |      17 |       3 |  15.0
     Lair:6 |   16834 |   10575 |  38.6 |      55 |      32 |  36.8
      Orc:1 |    5508 |    1188 |  17.7 |      44 |      18 |  29.0
      Orc:2 |      46 |   21620 |  99.8 |       3 |     141 |  97.9
   Depths:1 |   31970 |    1898 |   5.6 |      52 |       3 |   5.5
   Depths:2 |   10675 |   23524 |  68.8 |      15 |      17 |  53.1
   Gauntlet |       0 |    3602 | 100.0 |       0 |      10 | 100.0
            +---------+---------+-------+---------+---------+-------
